 Dungeon Crawl Stone Soup version 0.29.1-14-g9c671dbff4 (webtiles) character file.

Game seed: 176100737149109856

4 KSKImperial the Blocker (level 1, 3/13 HPs)
             Began as a Gnoll Wanderer on Feb 14, 2023.
             Quit the game on level 1 of the Dungeon.
             The game lasted 00:01:28 (45 turns).

KSKImperial the Blocker (Gnoll Wanderer)              Turns: 45, Time: 00:01:28

Health: 3/13       AC:  2    Str:  8    XL:     1   Next: 60%
Magic:  6/6        EV: 12    Int: 10    God:
Gold:   0          SH:  8    Dex: 15    Spells: 8/9 levels left

rFire   . . .      SeeInvis .   a - +0 dagger
rCold   . . .      Faith    .   e - +2 buckler
rNeg    . . .      Spirit   .   d - +0 robe
rPois   .          Reflect  .   (no helmet)
rElec   .          Harm     .   (no cloak)
rCorr   .          Rampage  .   (no gloves)
Will    .....                   (no boots)
Stlth   +.........              (no amulet)
HPRegen 0.04/turn               (no ring)
MPRegen 0.10/turn               (no ring)

@: no status effects
A: fangs 1, strong nose, distributed training
a: no special abilities


You were on level 1 of the Dungeon.
You visited 1 branch of the dungeon, and saw 1 of its levels.

Inventory:

Hand Weapons
 a - a +0 dagger (weapon)
Armour
 d - a +0 robe (worn)
 e - a +2 buckler (worn)
Scrolls
 c - a scroll of blinking
 f - a scroll of teleportation {unknown}
Miscellaneous
 b - a piece from Xom's chessboard (15/15)


   Skills:
 + Level 0.1 Fighting
 + Level 0.1 Short Blades
 + Level 0.1 Long Blades
 + Level 0.1 Axes
 + Level 0.1 Maces & Flails
 + Level 0.1 Polearms
 + Level 0.1 Staves
 + Level 0.1 Ranged Weapons
 + Level 0.1 Throwing
 + Level 0.1 Armour
 + Level 2.4 Dodging
 + Level 0.1 Stealth
 + Level 8.4 Shields
 + Level 0.1 Unarmed Combat
 + Level 4.9 Spellcasting
 + Level 0.1 Conjurations
 + Level 0.1 Hexes
 + Level 0.1 Summonings
 + Level 0.1 Necromancy
 + Level 3.6 Translocations
 + Level 0.1 Transmutations
 + Level 0.1 Fire Magic
 + Level 0.1 Ice Magic
 + Level 0.1 Air Magic
 + Level 0.1 Earth Magic
 + Level 0.1 Poison Magic
 + Level 0.2 Invocations
 + Level 2.4 Evocations


You had 8 spell levels left.
You knew the following spells:

 Your Spells              Type           Power      Damage    Failure   Level
a - Apportation           Tloc           18%        N/A       6%          1

Your spell library contained the following spells:

 Spells                   Type           Power      Damage    Failure   Level
 Portal Projectile        Hex/Tloc       12%        N/A       36%         3
 Tukima's Dance           Hex            2%         N/A       63%         3
 Blade Hands              Tmut           1%         N/A       100%        5


Dungeon Overview and Level Annotations

Branches:
Dungeon (1/15)

Altars:


Innate Abilities, Weirdness & Mutations

You have very sharp teeth.
Your uncanny sense of smell can sniff out nearby items.
Your experience applies equally to all skills.


Message History

You hit the endoplasm.
The endoplasm is severely wounded.
You block the endoplasm's attack.
You hit the endoplasm but do no damage.
The endoplasm is severely wounded.
The endoplasm hits you.
You hit the endoplasm.
You kill the endoplasm!
You block the ball python's attack. The ball python grabs you.
The ball python constricts you.
You closely miss the ball python. You barely miss the ball python.
You bite the ball python.
The ball python is moderately wounded.
You hit the ball python.
You kill the ball python!
You see here a ball python corpse.
The goblin hits you with a +0 club.
You hit the goblin.
The goblin is moderately wounded.
You block the goblin's attack.
You miss the goblin.
The goblin is moderately wounded.
You block the goblin's attack.
You hit the goblin.
The goblin is heavily wounded.
The goblin hits you with a +0 club.
You closely miss the goblin.
The goblin is heavily wounded.
The goblin hits you with a +0 club.
* * * LOW HITPOINT WARNING * * *
You hit the goblin.
You kill the goblin!
Key pressed, stopping travel.
Things that are here:
a +0 club; a goblin corpse
f - a scroll labelled ENYUTU NIURR Unknown command.
Unknown command.
Unknown command.
Are you sure you want to abandon this character and quit the game? (Confirm with "yes".)

#..########
##.##########
#...........
####.####### #.# #.#
#.#
#.#####.#############
#.(...†...)....@....#
######...##########.#
#...# #...# #...#
#...# ....# ##....


There were no monsters in sight!

Vanquished Creatures
  A ball python (D:1)
  An endoplasm (D:1)
  A goblin (D:1)
3 creatures vanquished.

Notes
Turn   | Place    | Note
-------+----------+-------------------------------------------
     0 | D:1      | KSKImperial the Gnoll Wanderer began the quest for the Orb.
     0 | D:1      | KSKImperial set off with the following items: a +0 dagger,
                  | a piece from Xom's chessboard (15/15), a scroll of
                  | blinking, a +0 robe, a +2 buckler; and the following spell
                  | memorised: Apportation; and the following spells available
                  | to memorise: Portal Projectile.
     0 | D:1      | Reached XP level 1. HP: 13/13 MP: 6/6
    45 | D:1      | Quit the game

Illustrated notes

Levels and vault maps discovered:
D:1:      scummos_arrival_forest, layout_loops_ring

Action                   || total
-------------------------++-------
Melee: Dagger            ||    11
       Bite              ||     1
 Stab: Sleeping          ||     1
Block: Buckler           ||     4
